[Event "Late-Titled-Tuesday-Blitz-March-12-2024"]
[Site "Chess.com"]
[Date "2024.03.12"]
[Round "1"]
[White "dealshark"]
[Black "ukchessbomber"]
[Result "1-0"]
[WhiteElo "2347"]
[BlackElo "2647"]
[TimeControl "180+1"]
[EndTime "14:08:17 PDT"]
[Termination "dealshark won by resignation"]

1. d4 a6 2. c4 b5 3. e3 bxc4 4. Bxc4 Bb7 5. Nf3 Nf6 6. O-O g6 7. Ne5 e6 8. b3 Bg7 9. Bb2 O-O 10. Nd2 d6 11. Nef3 Nbd7 12. Qe2 Qe7 13. Rac1 c5 14. dxc5 Nxc5 15. Ba3 Rfc8 16. Rfd1 Rc7 17. Bd3 Nd5 18. Bb1 Nc3 19. Rxc3 Bxc3 20. Nc4 Rd8 21. Nd4 Qg5 22. Nf3 Qg4 23. Rxd6 Rxd6 24. Nxd6 Bxf3 25. Qxf3 Qxf3 26. gxf3 Nb7 27. Nc4 Na5 28. Nd6 Nb7 29. Nc4 Bf6 30. Kg2 Be7 31. Bb2 Nd6 32. Be5 Rc6 33. Nb2 f6 34. Bd4 e5 35. Ba7 Nc8 36.
Be4 Nxa7 37. Bxc6 Nxc6 38. Nc4 Kf7 39. Kf1 Ke6 40. Ke2 f5 41. Kd3 Bc5 42. a3 Kd5 43.
b4 Ba7 44. h3 g5 45. Kc3 h5 46. a4 e4 47. b5 axb5 48. axb5 Ne5 49. b6 Nxc4 50.
bxa7 Nb6 51. fxe4+ fxe4 52. Kb4 g4 53. h4 Na8 54.
Kb5 Kd6 55. Kc4 Kc6 56. Kd4 Kb6 57. Kxe4 Kxa7 58. Kf5 Kb6 59. Kg5 Kc5 60. Kxh5 Kd5 61. Kxg4 Nc7 62. Kf5 Ne8 63. h5 Nd6+ 64. Kf6 Ne4+ 65.
Kf5 Nd6+ 66. Kg6 Ke6 67. h6 Nf7 68. Kg7 Nd6 69. e4 Nf7 70. h7 Ke7 71. h8=Q Nxh8 72. Kxh8 Kf6 73. f4 1-0

[Event "Late-Titled-Tuesday-Blitz-March-12-2024"]
[Site "Chess.com"]
[Date "2024.03.12"]
[Round "1"]
[White "Mikasinski"]
[Black "Supergiuly"]
[Result "0-1"]
[WhiteElo "2672"]
[BlackElo "2360"]
[TimeControl "180+1"]
[EndTime "14:08:18 PDT"]
[Termination "Supergiuly won by checkmate"]

1. e4 g6 2. d4 Bg7 3. Nc3 e6 4. Nf3 Ne7 5. Be3 O-O 6. Qd2 d5 7. Bh6 dxe4 8. Nxe4 b6 9. c3 Bb7 10. Bd3 Bxh6 11. Qxh6 Nf5 12. Qf4 c5 13. g4 cxd4 14.
gxf5 exf5 15. Qh6 Qe7 16. Ng5 f6 17. Bc4+ Kh8 18. O-O-O fxg5 19. Nxg5 Bxh1 20. Nxh7 Qg7 21. Qxg7+ Kxg7 22. Nxf8 Kxf8 23. Rxh1 Nd7 24. Rd1 Ne5 25. Rxd4 Rc8 26. Be6 Re8 27. Bd5 Ng4 28. Ra4 Re7 29.
f3 Nxh2 30. Rh4 Nf1 31. b3 Ne3 32. Ba8 Re8 33. Bc6 Rc8 34. Bb5 Kg7 35. Kd2 Nd5 36. Bc4 Nf6 37. Rd4 Re8 38. Be2 Re7 39. c4 g5 40. b4 Kg6 41. a4 Kh5 42. a5 g4 43.
axb6 axb6 44. fxg4+ fxg4 45. Rd6 Ne4+ 46. Kd3 Nxd6 47.
c5 bxc5 48. bxc5 Nb7 49. c6 Nc5+ 50. Kc4 Ne4 51. Bd3 Nd6+ 52. Kd5 Nc8 53. Bf5 Rc7 54. Bd3 g3 55. Bf1 Ne7+ 56. Kd6 Rxc6+ 57. Kxe7 Rc1 58. Be2+ Kh4 59. Kf6 Kh3 60. Bf3 g2 61. Kg5 g1=Q+ 62. Kh5 Rc5+ 63. Kh6 Qg5+ 64. Kh7 Rc7+ 65. Kh8 Qd8# 0-1

[Event "Late-Titled-Tuesday-Blitz-March-12-2024"]
[Site "Chess.com"]
[Date "2024.03.12"]
[Round "1"]
[White "ahkashefi2800"]
[Black "Viktor_Poddubnyi"]
[Result "1-0"]
[WhiteElo "2625"]
[BlackElo "2266"]
[TimeControl "180+1"]
[EndTime "14:08:19 PDT"]
[Termination "ahkashefi2800 won on time"]

1. d4 g6 2. Nf3 Bg7 3. g3 Nf6 4. Bg2 O-O 5. O-O d6 6. b3 Nbd7 7. Bb2 c5 8. c4 cxd4 9. Nxd4 a6 10. Nc3 Ne5 11. h3 Bd7 12. Rc1 Rb8 13. Kh2 Qa5 14. Qd2 Rfc8 15. Rfd1 b5 16. f4 Nc6 17. Nd5 Qxd2 18.
Rxd2 Nxd5 19. Nxc6 Bxb2 20. Rxb2 Rxc6 21. Bxd5 Rc5 22. b4 Rc7 23. c5 Rbc8 24. Rbc2 dxc5 25. bxc5 Bc6 26. e4 e6 27. Bxc6 Rxc6 28. Kg2 Rd8 29. Kf2 Rd4 30. Ke3 Ra4 31. Rd1 Kf8 32. e5 Ra3+ 33.
Rd3 Rxd3+ 34. Kxd3 Ke7 35. Kd4 Kd7 36. a4 bxa4 37. Ra2 Kc7 38. Rxa4 Kb7 39. Kc4 Rc7 40.
Rb4+ Ka7 41. Ra4 Rb7 42. Ra2 Rb1 43. Rd2 Rc1+ 44. Kb4 Rb1+ 45. Kc4 Rc1+ 46. Kd4 Kb7 47. Rb2+ Kc7 48. Rb6 Rd1+ 49. Ke3 Re1+ 50. Kf2 Rc1 51. Rxa6 Kb7 52. Rb6+ 1-0

[Event "Late-Titled-Tuesday-Blitz-March-12-2024"]
[Site "Chess.com"]
[Date "2024.03.12"]
[Round "1"]
[White "picturesquecheck"]
[Black "aa175"]
[Result "0-1"]
[WhiteElo "2410"]
[BlackElo "2724"]
[TimeControl "180+1"]
[EndTime "14:08:22 PDT"]
[Termination "aa175 won by resignation"]

1. e4 c5 2. Nf3 d6 3. d4 cxd4 4. Nxd4 Nf6 5. Bd3 Nc6 6. Nb3 e6 7. c4 Be7 8. O-O O-O 9. Nc3 a6 10. Be3 Bd7 11. Rc1 Rc8 12. Kh1 h5 13. h3 Ne5 14. Ne2 Bc6 15. f3 Nxd3 16. Qxd3 b5 17.
Nbd4 bxc4 18. Qxc4 Bb7 19. Qb3 Qd7 20. Nc3 g6 21.
Na4 Rxc1 22. Rxc1 Rb8 23. Nb6 Qe8 24. Qc2 Nd7 25. Nc6 Bxc6 26. Qxc6 Nxb6 27. Qxe8+ Rxe8 28. Bxb6 Bf6 29. b3 d5 30. Re1 Rc8 31. exd5 exd5 32.
Rd1 d4 33. f4 Rc6 34. Ba7 Rc7 35. Bb6 Rb7 36. Bc5 Rb5 37. b4 a5 38. a3 axb4 39.
axb4 Rb7 40. Rd2 Rd7 41. g3 d3 42. Kg2 Bc3 43. Rd1 d2 44. Kf3 Rd3+ 45. Kf2 h4 46.
gxh4 Rxh3 47. Be3 Rxh4 48. b5 Rh2+ 49. Kf3 Rh3+ 50. Ke2 Rh2+ 51. Kd3 Rh3 52. b6 Ba5 53. Ke4 Rh5 54. b7 Rb5 55. Bxd2 Bxd2 56. Rxd2 Rxb7 57.
Kf3 Kg7 58. Kg4 Kf6 59. Rd6+ Ke7 60. Ra6 Rb1 61. Ra7+ Kf6 62. Ra6+ Kg7 63. Rc6 Rg1+ 64. Kh4 Rf1 65. Kg4 Rg1+ 66. Kh4 f5 67. Kh3 Rg4 68. Rc5 Rxf4 69. Kg3 Rg4+ 0-1

[Event "Late-Titled-Tuesday-Blitz-March-12-2024"]
[Site "Chess.com"]
[Date "2024.03.12"]
[Round "1"]
[White "sergoy"]
[Black "Mikayel99"]
[Result "1-0"]
[WhiteElo "3025"]
[BlackElo "2548"]
[TimeControl "180+1"]
[EndTime "14:08:23 PDT"]
[Termination "sergoy won by checkmate"]

1. d4 Nf6 2. c4 e6 3. Nf3 d5 4. Nc3 c5 5. e3 Nc6 6. a3 dxc4 7. Bxc4 a6 8. Ba2 Be7 9. O-O O-O 10. Qe2 b5 11. Rd1 cxd4 12. exd4 Qc7 13. d5 exd5 14. Nxd5 Nxd5 15. Bxd5 Bb7 16. Be3 Rac8 17. Rac1 Qb8 18. Bg5 Bxg5 19. Nxg5 h6 20. Nxf7 Rxf7 21. Bxf7+ Kxf7 22. Rd7+ Kg8 23. Qe6+ Kh8 24. Re1 Rg8 25. h3 Ba8 26.
Re3 Qf4 27. Rf7 Qg5 28. Qf5 Qxf5 29. Rxf5 Na5 30. b3 Rd8 31. a4 Bc6 32. axb5 Bxb5 33. Rf7 Nc6 34. h4 Nd4 35. Kh2 Nxb3 36. Rg3 Rg8 37. f4 Nc5 38. Re3 Nd7 39. g4 Nf6 40. Kg3 Be8 41. Ra7 Bb5 42. g5 hxg5 43. hxg5 Nd5 44.
Re1 Rf8 45. Re4 Kg8 46. Kg4 Nc3 47. Ree7 Be2+ 48. Kg3 Bd3 49. Rxg7+ Kh8 50. Rge7 Ne4+ 51. Kg4 Nf2+ 52. Kf3 Ne4 53. Ke3 Nc5 54. Rec7 Re8+ 55.
Kf3 Be4+ 56. Kg4 Ne6 57. Re7 Rxe7 58. Rxe7 Nc5 59. f5 Kg8 60. f6 Bg6 61. Rg7+ Kf8 62. Rxg6 Ne6 63. Rh6 Kf7 64. Kh5 a5 65. Rh7+ Kg8 66.
Ra7 Nf4+ 67. Kh6 Ne6 68. g6 Nf8 69. Ra8 a4 70. f7+ Kh8 71. g7# 1-0

[Event "Late-Titled-Tuesday-Blitz-March-12-2024"]
[Site "Chess.com"]
[Date "2024.03.12"]
[Round "1"]
[White "enriquebutti"]
[Black "lucasran"]
[Result "0-1"]
[WhiteElo "2220"]
[BlackElo "2611"]
[TimeControl "180+1"]
[EndTime "14:08:23 PDT"]
[Termination "lucasran won by resignation"]

1. d4 Nf6 2. Nf3 e6 3. e3 b6 4.
Bd3 Bb7 5. O-O c5 6. b3 Be7 7.
Bb2 O-O 8. c4 cxd4 9. exd4 d5 10. Nbd2 Nbd7 11. Re1 Rc8 12. a3 Rc7 13. Ne5 Qa8 14.
cxd5 Bxd5 15. f3 Rfc8 16. Ndc4 Rd8 17. Qe2 Bf8 18. f4 g6 19. Rac1 Rdc8 20. Nd2 Rxc1 21. Rxc1 Rxc1+ 22. Bxc1 Qc8 23. Bb2 Qc7 24. Bc4 Qd6 25.
Bxd5 Qxd5 26. Qc4 Qb7 27. Qc6 Qxc6 28. Nxc6 a6 29. Nc4 b5 30. N4e5 Bd6 31. Kf2 Kf8 32. g3 Ke8 33. Ke3 Nd5+ 34. Kd3 f6 35. Nf3 N7b6 36.
Na5 Kd7 37. b4 Bc7 38. Bc1 Bd6 39. Nb3 Nc7 40. Nc5+ Kc6 41. Nd2 Be7 42. Bb2 Nbd5 43. Ndb3 Kb6 44. Nd2 a5 45. Bc3 a4 46. Nde4 Kc6 47.
Nd2 Nb6 48. Bb2 Kd5 49. Bc3 Nc4 50. Nxc4 bxc4+ 51. Ke3 Nb5 52. Nxa4 Nxa3 53. Nc5 Nc2+ 54. Kd2 Nxd4 55. Bxd4 Kxd4 56. Nxe6+ Kd5 57. Nc7+ Kc6 58. Ne8 Bxb4+ 59. Kc2 Be7 60. Kc3 Kd5 61. Ng7 Bd8 62. Ne8 Ba5+ 63. Kc2 Ke6 0-1

[Event "Late-Titled-Tuesday-Blitz-March-12-2024"]
[Site "Chess.com"]
[Date "2024.03.12"]
[Round "1"]
[White "mac0504"]
[Black "GrotBchess"]
[Result "0-1"]
[WhiteElo "2698"]
[BlackElo "2409"]
[TimeControl "180+1"]
[EndTime "14:08:24 PDT"]
[Termination "GrotBchess won by resignation"]

1. c4 g6 2. Nc3 Bg7 3. h4 Nf6 4. e4 e5 5. Be2 h5 6. Nh3 Nc6 7. Ng5 d6 8. d3 Bg4 9. Be3 Bxe2 10.
Qxe2 Ng4 11. Nd5 Bf6 12. O-O-O Nd4 13. Bxd4 exd4 14. Nf3 c6 15. Nxf6+ Qxf6 16. Rdf1 O-O-O 17. Ne1 Rhe8 18. Nc2 c5 19. Kb1 Rd7 20. Qd2 Kb8 21. b4 Ne5 22. f4 Nc6 23. b5 Nd8 24. Ne1 Ne6 25. g3 Qg7 26. Nf3 f5 27. Re1 Nc7 28. e5 d5 29. Rc1 dxc4 30. dxc4 Ne6 31. a4 Qe7 32. Rhd1 Qd8 33. Ne1 b6 34. Nd3 Ree7 35.
Kb2 a5 36. bxa6 Ra7 37. a5 Rxa6 38. Ra1 Rea7 39. Ra3 Rxa5 40. Rda1 Rxa3 41. Rxa3 Rxa3 42.
Kxa3 Qc7 43. Qb2 Qa7+ 44. Kb3 Kc7 45. Kc2 Qa4+ 46. Qb3 Qxb3+ 47. Kxb3 Kc6 48. Ka4 Kb7 49. Kb5 Nc7+ 50. Ka4 Kc6 51. Kb3 Ne6 52. Ka4 Nc7 53.
Ne1 b5+ 54. Kb3 bxc4+ 55. Kxc4 Nd5 56. Nf3 Ne3+ 57. Kd3 Kd5 58. Ng5 c4+ 59. Kd2 Nf1+ 60. Ke1 Nxg3 61. e6 Kd6 62. Kf2 Ne4+ 63. Nxe4+ fxe4 64. Kg3 Kxe6 0-1

[Event "Late-Titled-Tuesday-Blitz-March-12-2024"]
[Site "Chess.com"]
[Date "2024.03.12"]
[Round "1"]
[White "ArtemDyachuk"]
[Black "Nick12772"]
[Result "1-0"]
[WhiteElo "2692"]
[BlackElo "2353"]
[TimeControl "180+1"]
[EndTime "14:08:27 PDT"]
[Termination "ArtemDyachuk won by checkmate"]

1. c4 Nf6 2. Nf3 g6 3. g3 Bg7 4.
Bg2 O-O 5. O-O c6 6. d4 d5 7. cxd5 cxd5 8. Nc3 Ne4 9. Qb3 Nxc3 10. bxc3 Nc6 11.
Ba3 Na5 12. Qb4 Nc6 13. Qb2 Na5 14. Nd2 b6 15. Rfe1 Ba6 16. e4 Nc4 17. Nxc4 Bxc4 18.
exd5 Re8 19. d6 exd6 20. Bxa8 Qxa8 21. Rxe8+ Qxe8 22. Qd2 d5 23. Re1 Qa4 24. Bd6 h5 25. a3 Qd7 26. Qf4 Qh3 27. Be5 Bxe5 28. dxe5 Bd3 29. f3 Bf5 30. Qh4 Qxh4 31. gxh4 Kf8 32.
Kf2 Ke7 33. Ke3 Bc2 34. Kd4 Bb3 35. f4 Bc4 36. f5 Bb3 37. Ke3 Bc2 38. fxg6 fxg6 39.
Kf4 Ke6 40. Rc1 Bd3 41. Rd1 Bc2 42. Rd2 Bf5 43. Rd4 Bc2 44. c4 Bb3 45. cxd5+ Bxd5 46. Rd3 b5 47. Rd4 a5 48. h3 Bc4 49. Rd6+ Kf7 50.
Kg5 b4 51. axb4 axb4 52. Rf6+ Ke7 53. Rxg6 b3 54. Rb6 Be2 55. Rxb3 Ke6 56. Re3 Bd1 57. Re1 Bf3 58. Kf4 Bd5 59. Rg1 Bc4 60. Rg6+ Kf7 61. Rc6 Be2 62. Rf6+ Ke7 63. Kg5 Bd1 64. Rg6 Be2 65. e6 Bd1 66. Rh6 Be2 67. Kf5 Bd3+ 68. Ke5 Bf1 69. Rh7+ Kf8 70. Kf6 Ke8 71. Rh8# 1-0

[Event "Late-Titled-Tuesday-Blitz-March-12-2024"]
[Site "Chess.com"]
[Date "2024.03.12"]
[Round "1"]
[White "ExchangeAB"]
[Black "GMKrikor"]
[Result "0-1"]
[WhiteElo "2496"]
[BlackElo "2873"]
[TimeControl "180+1"]
[EndTime "14:08:29 PDT"]
[Termination "GMKrikor won by resignation"]

1. d4 Nf6 2. Nf3 g6 3. Nbd2 Bg7 4. e4 d6 5. Bd3 Nc6 6. c3 e5 7. O-O O-O 8. Re1 Re8 9. Nf1 exd4 10. cxd4 Bg4 11.
Bc2 Nd7 12. Be3 Bxf3 13. gxf3 d5 14. Ng3 dxe4 15. fxe4 Nb6 16. d5 Ne5 17. Rb1 Qh4 18.
Qe2 Ng4 19. f3 Nxe3 20. Qxe3 Nxd5 21. Qc5 Nf4 22. Rbd1 Qh3 23. Qf2 Rad8 24. Ne2 Be5 25. Nxf4 Bxf4 26. Qg2 Qh4 27. Bb3 Rd2 28. Re2 Rxd1+ 29.
Bxd1 Rd8 30. Bb3 c6 31. Qf2 Qg5+ 32. Kh1 a6 33. Qg1 Qf6 34. Qb6 Be5 35. Kg2 Rd3 36.
Qf2 Kg7 37. Bc4 Qg5+ 38. Kh1 Rd4 39. b3 b5 40. f4 Qxf4 41. Qxf4 Bxf4 42. Rf2 g5 43.
Bf1 Rxe4 44. Re2 Rxe2 45. Bxe2 c5 46. Bf3 c4 47. bxc4 bxc4 48. Be2 c3 49. Bd3 h5 50. Kg2 Kf6 51. h4 g4 52. Kf2 Ke5 53. Ke2 Bg3 54.
Bxa6 Bxh4 55. Kd3 Be1 56. Bb7 f5 57. a4 h4 58. a5 h3 59. a6 Bf2 60. Ke2 Ba7 61. Kd3 Kf4 62. Kxc3 g3 63. Kd3 g2 64. Bxg2 hxg2 65. Ke2 g1=Q 0-1

[Event "Late-Titled-Tuesday-Blitz-March-12-2024"]
[Site "Chess.com"]
[Date "2024.03.12"]
[Round "1"]
[White "WilsonPalencia21"]
[Black "SantoBlue"]
[Result "0-1"]
[WhiteElo "2556"]
[BlackElo "3058"]
[TimeControl "180+1"]
[EndTime "14:08:30 PDT"]
[Termination "SantoBlue won on time"]

1. d4 d6 2. Nf3 Nf6 3. c4 g6 4.
Nc3 Bg7 5. e4 O-O 6. Be2 Nbd7 7.
h3 e5 8. d5 Nc5 9. Qc2 a5 10. Bg5 h6 11. Be3 Nh7 12. g4 f5 13.
gxf5 gxf5 14. Rg1 Kh8 15. Nd2 Na6 16. exf5 Nb4 17. Qd1 Bxf5 18. Nde4 Nf6 19. Bf3 Nxe4 20. Bxe4 Qh4 21. Bxf5 Rxf5 22. a3 Raf8 23. Qg4 Nc2+ 24.
Kd2 Qxg4 25. hxg4 Rxf2+ 26. Bxf2 Rxf2+ 27. Ne2 Nxa1 28. Rxa1 e4 29. Rb1 Bd4 30. b4 a4 31.
Rh1 Kg7 32. Rh3 Rg2 33. Rg3 Rxg3 34. Nxg3 e3+ 35. Kc2 Kg6 36. Nf5 e2 37. Kd2 Bb2 38. Kxe2 Bxa3 39. b5 Bb2 40. Kd3 a3 41. Kc2 b6 42. c5 dxc5 43. Ne7+ Kg5 44. Nc6 Kxg4 45. Nd8 h5 46. Ne6 h4 47. Nxc5 Be5 48. Nd3 a2 49. Nxe5+ Kf5 50. d6 cxd6 51. Nc4 a1=Q 52. Nxd6+ Kf4 53. Nc4 Qd4 54. Kb3 Qc5 55. Ka4 h3 56. Nd2 h2 57. Nb3 h1=Q 58. Nxc5 bxc5 59. Ka5 Qb1 0-1

[Event "Late-Titled-Tuesday-Blitz-March-12-2024"]
[Site "Chess.com"]
[Date "2024.03.12"]
[Round "1"]
[White "finec2"]
[Black "maximnovik"]
[Result "1/2-1/2"]
[WhiteElo "2193"]
[BlackElo "2588"]
[TimeControl "180+1"]
[EndTime "14:08:33 PDT"]
[Termination "Game drawn by repetition"]

1. e4 c6 2. d4 d5 3. e5 Bf5 4.
h4 Qb6 5. Bd3 Qxd4 6. Nf3 Qg4 7.
Bxf5 Qxf5 8. Nc3 Qd7 9. O-O e6 10. a4 a5 11. Be3 Ne7 12. Bc5 Na6 13. Ba3 Nb4 14. Ne2 Nf5 15. c3 Na6 16. Bxf8 Kxf8 17.
g4 Ne7 18. Nfd4 h5 19. Ng3 hxg4 20. Qxg4 g6 21. Kg2 Nc5 22. Rh1 Nd3 23. f4 c5 24. Nb5 Nf5 25. Kf3 d4 26. c4 Qc6+ 27. Ne4 Nf2 28. Kxf2 Qxe4 29. Rae1 Qc2+ 30. Re2 Qxc4 31.
h5 gxh5 32. Rxh5 Rg8 33. Rg5 Rxg5 34. Qxg5 d3 35. Rd2 Rd8 36. Qxd8+ Kg7 37. Qf6+ Kf8 38. Qd8+ Kg7 39. Qg5+ Kf8 40. Nc3 Qd4+ 41. Kg2 Ne3+ 42. Kf3 Nf5 43. Rh2 Qe3+ 44. Kg2 Qd2+ 45. Kh1 Qe1+ 46.
Qg1 Qxg1+ 47. Kxg1 Nd4 48. Kf1 Nf3 49. Rf2 Nd4 50.
Rd2 f6 51. Rxd3 fxe5 52. fxe5 Kf7 53. Ne4 b6 54. Nd6+ Kg6 55. Nc4 Kf5 56. Nxb6 Ke4 57. Rd1 Kxe5 58. Nd7+ Kd6 59. Nb8 e5 60. Kf2 Kc7 61.
Na6+ Kb6 62. Nb8 Kc7 63. Na6+ Kb6 64. Nb8 Kc7 1/2-1/2

[Event "Late-Titled-Tuesday-Blitz-March-12-2024"]
[Site "Chess.com"]
[Date "2024.03.12"]
[Round "1"]
[White "Slovak_fighter2000"]
[Black "APOKALIPSA13"]
[Result "1-0"]
[WhiteElo "2596"]
[BlackElo "2196"]
[TimeControl "180+1"]
[EndTime "14:08:37 PDT"]
[Termination "Slovak_fighter2000 won by resignation"]

1. c4 c5 2. Nc3 Nc6 3. g3 g6 4.
Bg2 Bg7 5. Nf3 d6 6. O-O h5 7. h4 Ne5 8. Nxe5 Bxe5 9. e3 Nh6 10.
d4 Bg7 11. b3 O-O 12. Bb2 Bg4 13. Qd2 cxd4 14. exd4 Rb8 15. Ne4 Qb6 16. d5 Bxb2 17. Qxb2 Bf5 18. Rae1 Bxe4 19. Rxe4 Rbe8 20. Rfe1 Qc7 21.
Bh3 Kh7 22. Qd4 b6 23. Qe3 Ng8 24. f4 Qc5 25. f5 Kg7 26. Kg2 Qxe3 27. R4xe3 Kf6 28.
fxg6 fxg6 29. Be6 Nh6 30. Rf1+ Kg7 31. Ref3 Rxf3 32. Rxf3 Rf8 33. Re3 Rf6 34. b4 Kf8 35. Rc3 Nf5 36. Bxf5 Rxf5 37. Ra3 e6 38. dxe6 Ke7 39.
Rxa7+ Kxe6 40. Rc7 b5 41. cxb5 Rxb5 42. a3 Kf6 43.
Kf3 Rd5 44. Ke4 Rd1 45. Rc3 Ke6 46. Rb3 Rd2 47. b5 Kd7 48. b6 Kc8 49. Kf4 Rd5 50.
b7+ Kb8 51. Rb6 Rd3 52. a4 Rd4+ 53. Kg5 Rxa4 54. Kxg6 Rg4+ 55. Kxh5 Rxg3 56. Rxd6 Kxb7 57. Kh6 Kc7 58. Rd1 Rg8 59. h5 Kc6 60. Kh7 Rg5 61.
h6 Rg3 62. Kh8 Rg6 63. h7 Kc7 64. Rf1 Kd7 65. Rf8 Ke7 66. Rg8 Rh6 67. Kg7 Rh1 68. h8=Q Rg1+ 69. Kh6 Rh1+ 70. Kg5 Rxh8 71. Rxh8 Kf7 72.
Rh4 1-0

[Event "Late-Titled-Tuesday-Blitz-March-12-2024"]
[Site "Chess.com"]
[Date "2024.03.12"]
[Round "1"]
[White "Kosak12"]
[Black "JacksterThePro"]
[Result "0-1"]
[WhiteElo "2789"]
[BlackElo "2469"]
[TimeControl "180+1"]
[EndTime "14:08:40 PDT"]
[Termination "JacksterThePro won on time"]

1. e4 c6 2. Nf3 d5 3. d3 g6 4. Nbd2 Bg7 5. g3 e5 6. Bg2 Ne7 7. O-O O-O 8. Re1 Qc7 9. c3 h6 10. Qc2 Be6 11. d4 Nd7 12. dxe5 Nxe5 13. Nxe5 Bxe5 14. Nf3 Bg7 15. Nd4 Bd7 16. Bf4 Qb6 17. Rad1 Rfe8 18. Nb3 Be6 19. Be3 Qc7 20. Bd4 b6 21. Bxg7 Kxg7 22. Nd4 Bg4 23. Rd2 dxe4 24. Bxe4 Rad8 25. f3 Bc8 26. Rde2 Ba6 27. Re3 Nd5 28. Bxd5 Rxe3 29. Rxe3 Rxd5 30. Qe4 Qd7 31. Kg2 c5 32. Ne2 Rd2 33. Kf2 Rxb2 34. c4 Qd4 35. Qe7 Bxc4 36.
Kf1 Bxe2+ 37. Rxe2 Rxe2 38. Qxe2 c4 39. Kg2 c3 40.
Kf1 Qd2 41. Qe5+ Kh7 42. Qe7 Qd3+ 43. Kg2 Qc4 44. Qe1 c2 45. Qc1 Qd3 46. Kh3 Qd1 47.
Qf4 Qd7+ 48. g4 Kg7 49. Qe5+ Kg8 50. Qb8+ Kh7 51. Qf4 g5 52. Qe4+ Kg7 53. Qxc2 Qe6 54. Qc3+ Qf6 55. Qd3 Qf4 56. a4 Qxa4 57. Qc3+ Kg8 58. Qc8+ Kg7 59. Qc3+ Kh7 60. Qd3+ Kg8 61. Qd8+ Kg7 62. Qd3 Qf4 63. Qc3+ Qf6 64. Qb3 a5 65. Kg2 Qd4 66. h4 a4 67. Qc2 a3 68. Qb3 Qb2+ 0-1

[Event "Late-Titled-Tuesday-Blitz-March-12-2024"]
[Site "Chess.com"]
[Date "2024.03.12"]
[Round "1"]
[White "Smiechu"]
[Black "carokannlover213"]
[Result "0-1"]
[WhiteElo "2463"]
[BlackElo "2818"]
[TimeControl "180+1"]
[EndTime "14:08:43 PDT"]
[Termination "carokannlover213 won by resignation"]

1. e4 e6 2. d4 d5 3. Bd3 c5 4.
exd5 exd5 5. Nf3 c4 6. Be2 Nf6 7. O-O Be7 8. Re1 O-O 9. Ne5 Nc6 10. Bf3 Be6 11. c3 Re8 12. Bf4 Bd6 13. Bg3 Qc7 14.
Na3 a6 15. Nc2 Ne7 16. Ne3 Nf5 17. Nxf5 Bxf5 18. Qd2 Ne4 19. Qf4 Bg6 20. Qh4 Nxg3 21. hxg3 Bxe5 22. dxe5 Rxe5 23. Rxe5 Qxe5 24. Rd1 Bd3 25.
Qg4 Rd8 26. Qh4 Qf6 27. Qxf6 gxf6 28. Re1 Kf8 29. Re3 b5 30. Be2 Bb1 31. a3 d4 32.
cxd4 Rxd4 33. Bf3 Rd2 34. b3 Bd3 35. bxc4 bxc4 36. Be4 Bxe4 37. Rxe4 c3 38. Rc4 c2 39.
Kh2 Rxf2 40. g4 Rd2 41. Kg3 Kg7 42. Kf3 Kg6 43. g3 a5 44. Rc5 a4 45. Ke3 Rg2 46. Kf3 Rh2 47. Ke3 h6 48. Kf3 f5 49. gxf5+ Kg5 50.
Ke3 Kg4 51. Rc3 Rg2 52. Ke4 h5 53. Ke5 Kg5 54. f6 Re2+ 55. Kd4 Kxf6 56. Kd3 Rg2 57.
Kc4 Kg5 58. Kb4 Kg4 59. Kxa4 f5 60. Kb5 Rxg3 61. Rxc2 Rxa3 62. Kb4 Rg3 63. Kc4 f4 64. Kd4 h4 65. Ke4 Re3+ 66. Kd4 h3 67. Rc8 h2 68. Rg8+ Kh3 69. Rh8+ Kg2 70. Rg8+ Rg3 0-1

[Event "Late-Titled-Tuesday-Blitz-March-12-2024"]
[Site "Chess.com"]
[Date "2024.03.12"]
[Round "1"]
[White "Road2GM3000"]
[Black "baki83"]
[Result "0-1"]
[WhiteElo "2471"]
[BlackElo "2839"]
[TimeControl "180+1"]
[EndTime "14:08:44 PDT"]
[Termination "baki83 won by resignation"]

1. d4 Nf6 2. c4 e6 3. Nc3 d5 4. cxd5 exd5 5. Bg5 Be7 6. e3 c6 7. Bd3 Nbd7 8. Qc2 h6 9. Bh4 O-O 10. Nf3 Ne8 11. Bg3 Nd6 12. h3 Re8 13. O-O Bf8 14. Rac1 a5 15. Na4 Nf6 16. Nc5 Nde4 17. Bxe4 Nxe4 18. Nxe4 dxe4 19. Nd2 Bf5 20. Qb3 Qe7 21. Nc4 Qb4 22. Qc2 Be6 23. a3 Qb5 24. Nd6 Bxd6 25.
Bxd6 a4 26. Qd2 Bc4 27. Rfe1 Qd5 28. Bg3 b5 29. Qb4 Rad8 30. Qa5 Re6 31. Qc7 Rde8 32. Rc3 Rg6 33. Rec1 h5 34. h4 Rg4 35. Kh2 Re6 36.
Qb8+ Kh7 37. Qf8 Reg6 38. Qc5 Rf6 39. Qxd5 cxd5 40. Kh3 Rf5 41. Bf4 f6 42. f3 exf3 43. gxf3 Rgxf4 44. exf4 Rxf4 45. Rd1 g5 46. Kg3 Rxh4 47.
Re3 Kg6 48. Re8 Rf4 49. Rg8+ Kf5 50. Rh8 h4+ 51. Kg2 Be2 52. Re1 Bxf3+ 53. Kh2 Be4 54. Rf8 Bd3 55. Rc1 Bc4 56. Re1 Kg6 57. Rg8+ Kf5 58.
Rf8 g4 59. Re7 Rf2+ 60. Kg1 Rxb2 61. Ref7 Ke4 62. Rxf6 g3 63. Rf4+ Kd3 64. Rxh4 Rb1+ 65. Kg2 Kc3 66. Rf3+ Kb2 67. Kxg3 Rc1 68. Rh2+ Rc2 69.
Rh1 Rc3 70. Rh2+ Kb3 71. Rf2 b4 72. axb4 Rxf3+ 73. Rxf3+ Kxb4 74. Kf2 a3 75. Ke3 a2 76.
Rf8 Kc3 77. Ra8 Kb2 78. Rb8+ Bb3 79. Ra8 a1=Q 80. Rxa1 Kxa1 81. Kd2 Bc4 82. Kc3 Kb1 83. Kd2 Kb2 84. Ke3 Kc3 85. Kf4 Kxd4 0-1

[Event "Late-Titled-Tuesday-Blitz-March-12-2024"]
[Site "Chess.com"]
[Date "2024.03.12"]
[Round "1"]
[White "viktorgen2021"]
[Black "Moultino06"]
[Result "1-0"]
[WhiteElo "2486"]
[BlackElo "2816"]
[TimeControl "180+1"]
[EndTime "14:08:48 PDT"]
[Termination "viktorgen2021 won on time"]

1. d4 b6 2. Nf3 Bb7 3. Nbd2 g6 4.
g3 Bg7 5. c3 Nf6 6. Bg2 O-O 7.
O-O c5 8. Ne5 Bxg2 9. Kxg2 Nc6 10. Ndf3 cxd4 11. Nxc6 dxc6 12. Qxd4 Qc8 13. Qh4 Qe6 14.
Bh6 Rfd8 15. Bxg7 Kxg7 16. e3 c5 17. Kg1 h6 18. b3 Ne4 19. c4 g5 20. Qh5 Qf5 21.
Ne1 Nd2 22. Ng2 Nxf1 23. Rxf1 Rd2 24. h4 Rad8 25. hxg5 hxg5 26. e4 Qg6 27. Qf3 Rxa2 28. Ne3 e6 29. Kg2 Rdd2 30. Ng4 Rac2 31. Rh1 f5 32. Rh6 Qxh6 33. exf5 Qf6 34. Qb7+ Qf7 35. f6+ Kf8 36. Qb8+ Qe8 37. Qc7 Qd7 38. Qb8+ Qd8 39. Qe5 Qa8+ 40. Kh3 Qh1+ 41. Nh2 Qb7 42. Kg4 Qh7 43.
Qb8+ Kf7 44. Qc7+ Kg6 45. Qxh7+ Kxh7 46. Nf3 Rxf2 47. f7 Kg6 48. f8=Q Rxf3 49. Qxf3 Kg7 50.
Qe4 Rf2 51. Qe5+ Kg6 52. Qxg5+ Kf7 53. Qh5+ Ke7 54. Qh7+ Kd6 55. Qe4 Rf5 56. Kh4 a5 57.
g4 Rf7 58. g5 Ke7 59. g6 Rf2 60. Kg5 Kf8 61. Qa8+ Kg7 62. Qb7+ Kf8 63. Kh6 Rh2+ 64. Kg5 Rf2 65. Qb8+ Kg7 66. Qc7+ Kf8 67. Qd6+ Kg7 68. Qe7+ Kg8 69. Qh7+ Kf8 70. g7+ 1-0

[Event "Late-Titled-Tuesday-Blitz-March-12-2024"]
[Site "Chess.com"]
[Date "2024.03.12"]
[Round "1"]
[White "NikolaGry"]
[Black "Gryffindorac8"]
[Result "1-0"]
[WhiteElo "2703"]
[BlackElo "2373"]
[TimeControl "180+1"]
[EndTime "14:08:52 PDT"]
[Termination "NikolaGry won on time"]

1. d4 Nf6 2. Bg5 d5 3. Nd2 e6 4.
e3 c5 5. c3 Nc6 6. f4 Be7 7. Bd3 O-O 8. Ngf3 b6 9. O-O Bb7 10.
Ne5 h6 11. Bh4 Rc8 12. Rf3 Nxe5 13. fxe5 Ne4 14. Bxe7 Qxe7 15. Rf4 f5 16. exf6 Nxf6 17. Qe2 e5 18. dxe5 Qxe5 19. Rf5 Qe7 20. Re1 Rce8 21. h3 Ne4 22. Rxf8+ Rxf8 23. Nxe4 dxe4 24. Bc4+ Kh8 25. Rf1 Bc6 26. Rxf8+ Qxf8 27. Qg4 Qd8 28. Qe6 Bb7 29. a4 Qd1+ 30. Kh2 Qd8 31. Qe5 Bc6 32. Bb5 Bxb5 33.
axb5 Qa8 34. c4 Qb7 35. Kg3 a6 36. bxa6 Qxa6 37. Qe8+ Kh7 38. Qxe4+ Kh8 39. Qd3 Qa1 40. Qd8+ Kh7 41. Qd3+ Kh8 42. b3 Qe5+ 43. Kf3 Qf6+ 44. Ke2 Qb2+ 45. Kf3 Qf6+ 46. Kg3 Qe5+ 47. Kf2 Qf6+ 48.
Ke2 Qb2+ 49. Kd1 Qa1+ 50. Kd2 Qb2+ 51. Qc2 Qe5 52. Kc1 Qa1+ 53. Kd2 Qe5 54. Ke2 Qg3 55. Kd3 Qd6+ 56. Kc3 Qe5+ 57. Kd2 Qg3 58. Kd3 Qd6+ 59. Ke2 Qg3 60. Qe4 Qd6 61. Qd5 Qc7 62. e4 Qg3 63. e5 Qxb3 64. e6 Qc2+ 65. Kf3 Qc3+ 66. Kf2 Qb2+ 67. Kg3 Qf6 68. Qe4 Qe7 69. Kf4 Qd6+ 70.
Qe5 Qd2+ 71. Kf3 Qd3+ 72. Kf2 Qd2+ 73. Kg3 Qd8 74. e7 Qe8 75. Qe6 Kh7 76. Kf3 Kh8 77. Ke4 Kh7 78. Kd5 Qa8+ 79. Qc6 1-0